 Dungeon Crawl Stone Soup version 0.28-a0-657-g71136c5590 (webtiles) character file.

Game seed: 4392781262429880392

121 KristoblXynda the Slasher (level 4, -2/38 HPs)
             Began as a Draconian Gladiator on Oct 13, 2021.
             Was a Believer of Ru.
             Frozen to death by an endoplasm (6 damage)
             ... on level 3 of the Dungeon.
             The game lasted 00:03:25 (2807 turns).

KristoblXynda the Slasher (Draconian Gladiator)     Turns: 2807, Time: 00:03:26

Health: -2/38      AC:  5    Str: 17    XL:     4   Next: 77%
Magic:  4/4        EV: 17    Int:  8    God:    Ru [**....]
Gold:   111        SH:  0    Dex: 13    Spells: 3/3 levels left

rFire   x . .      SeeInvis .   a - +0 long sword
rCold   x . .      Faith    .   (no shield)
rNeg    . . .      Spirit   .   (armour unavailable)
rPois   +          Reflect  .   b - +0 hat
rElec   .          Harm     .   (no cloak)
rCorr   .          Rampage  .   (no gloves)
Will    .....                   (no boots)
Stlth   +.........              j - amulet of the acrobat
HPRegen 0.12/turn               g - +4 ring of evasion
MPRegen 0.09/turn               o - ring of poison resistance

@: flying, hasted, very quick
A: AC +5, unfitting armour, cold-blooded, temperature sensitive
a: Renounce Religion


You were on level 3 of the Dungeon.
You worshipped Ru.
Ru was pleased with you.
You visited 1 branch of the dungeon, and saw 3 of its levels.

You collected 111 gold pieces.

Inventory:

Hand Weapons
 a - a +0 long sword (weapon)
Missiles
 c - a throwing net (quivered)
Armour
 b - a +0 hat (worn)
Jewellery
 g - a +4 ring of evasion (left hand)
 j - an amulet of the acrobat (around neck)
 o - a ring of poison resistance (right hand)
Scrolls
 f - 4 scrolls of blinking {unknown}
 h - a scroll of enchant armour {unknown}
 i - a scroll of immolation {unknown}
 m - a scroll of noise {unknown}
 p - 2 scrolls of identify {unknown}
 q - a scroll of teleportation {unknown}
Potions
 d - a potion of curing {unknown}
 e - 2 potions of magic
 k - a potion of mutation {unknown}
 l - a potion of flight
 n - a potion of haste


   Skills:
 + Level 3.3 Fighting
 * Level 4.3 Long Blades
 - Level 2.0 Throwing
 + Level 3.4 Dodging


You had 3 spell levels left.
You didn't know any spells.
Your spell library contained the following spells:

 Spells                   Type           Power      Damage    Failure   Level
 Pain                     Necr           0%         1d4       41%         1
 Inner Flame              Hex/Fire       0%         N/A       78%         3
 Cause Fear               Hex            0%         N/A       99%         4
 Agony                    Necr           0%         N/A       100%        5
 Excruciating Wounds      Necr           0%         N/A       100%        5
 Discord                  Hex            0%         N/A       100%        8


Dungeon Overview and Level Annotations

Branches:
Dungeon (3/15)

Altars:
Ru

Shops:
D:3 (


Innate Abilities, Weirdness & Mutations

Your plain brown scales are hard. (AC +5)
You cannot fit into any form of body armour.
You are cold-blooded and may be slowed by cold attacks.
You are sensitive to extremes of temperature. (rF-, rC-)


Message History

You hear some strange, mumbled words.
Something tries to affect you, but you resist.
Things that are here:
a +0 club; a boomerang; an orc corpse You miss something.
Your tail-slap misses something.
An endoplasm comes into view.
Unknown command.
It was a potion of magic.
Magic courses through your body. Something hits you.
* * * LOW HITPOINT WARNING * * *
You completely miss something. Something barely misses you.
Unknown command.
It was a potion of haste.
You feel yourself speed up.
The endoplasm quivers.
Something hits you but does no damage.
You barely miss something. Something hits you but does no damage.
You hit something but do no damage.
An orc wizard appears from thin air!
Reactivating autopickup.
The orc wizard completely misses you.
You hit the orc wizard.
The orc wizard is moderately wounded.
It was a potion of flight.
You feel very buoyant.
You fly up into the air.
The orc wizard gestures at you while chanting.
You resist with some effort.
Unknown command.
Throw: 3 throwing nets
Press: ? - help, Q - select action Shift-Dir - straight line, f - orc wizard
Aim: an orc wizard, wielding a +0 dagger and wearing a +0 robe (moderately wounded, 51% to hit)
You throw a throwing net.
The throwing net barely misses the orc wizard.
The orc wizard completely misses you.
Throw: 2 throwing nets
Press: ? - help, Q - select action Shift-Dir - straight line, f/p - orc wizard
Aim: an orc wizard, wielding a +0 dagger and wearing a +0 robe (moderately wounded, 51% to hit)
You throw a throwing net.
The throwing net closely misses the orc wizard.
The endoplasm freezes you.
You are frozen.
You feel a terrible chill!
You die...

...##.## #.##>.#
##.##..##### #.# ...
##.........###.## #.
########.#......# ##
#..####..## ##### .#
##...##...## ......
.#
###.......##......
...
.#####.###J........
####
#.........@o.....(..
.
#######.#####)......
.# #.# ....... ^#
... ....... .# ..[.
....... .....
#.$.... .......
#..... ...... #####


You could see an orc wizard and an endoplasm.

Vanquished Creatures
  4 adders
  A dart slug (D:2)
  4 orcs (D:3)
  2 ball pythons (D:1)
  4 endoplasms
  5 giant cockroaches
  10 goblins
  5 hobgoblins
  6 jackals
  2 quokkas (D:1)
  6 bats
  3 frilled lizards
  9 kobolds
  7 rats
68 creatures vanquished.

Vanquished Creatures (others)
  An adder (D:2)
1 creature vanquished.

Grand Total: 69 creatures vanquished

Notes
Turn   | Place    | Note
-------+----------+-------------------------------------------
     0 | D:1      | KristoblXynda the Draconian Gladiator began the quest for
                  | the Orb.
     0 | D:1      | Reached XP level 1. HP: 17/17 MP: 1/1
     2 | D:1      | Noticed a minotaur
     2 | D:1      | Noticed a formicid
     4 | D:1      | Noticed a vampire
     4 | D:1      | Noticed an elf
     6 | D:1      | Noticed a draconian
     8 | D:1      | Noticed a dwarf
     8 | D:1      | Noticed a human
    10 | D:1      | Noticed a ghoul
    12 | D:1      | Noticed a merfolk
    12 | D:1      | Noticed an octopode
    14 | D:1      | Noticed a demigod
    14 | D:1      | Noticed an ogre
    18 | D:1      | Noticed a troll
    20 | D:1      | Noticed a spriggan
    20 | D:1      | Noticed a tengu
    22 | D:1      | Noticed a vine stalker
    22 | D:1      | Noticed a felid
    24 | D:1      | Noticed a demonspawn
    24 | D:1      | Noticed a naga
    26 | D:1      | Noticed a gargoyle
   344 | D:1      | Reached XP level 2. HP: 25/25 MP: 2/2
   507 | D:1      | Found a faded altar of an unknown god.
   822 | D:1      | Prayed at the altar of an unknown god.
   822 | D:1      | Became a worshipper of Ru the Awakened
   826 | D:1      | Gained mutation: You are sensitive to extremes of
                  | temperature. (rF-, rC-) [Ru sacrifice]
   826 | D:1      | Reached * piety under Ru
   826 | D:1      | Reached ** piety under Ru
  1173 | D:1      | Reached XP level 3. HP: 30/30 MP: 3/3
  1852 | D:2      | Reached XP level 4. HP: 38/38 MP: 4/4
  1867 | D:2      | Reached skill level 4 in Long Blades
  2498 | D:3      | Found Noyma's Weapon Boutique.
  2807 | D:3      | Frozen to death by an endoplasm

Illustrated notes

Levels and vault maps discovered:
D:1:      kb_arrival_jail, layout_basic,
          dreamdust_ecumenical_altar_angels_and_demons
D:2:      layout_basic
D:3:      layout_rooms, serial_shops, shop

Skill      XL: |  1  2  3  4 |
---------------+-------------+-----
Throwing       | 2 |  2.0
Dodging        | 3 |  3.4
Fighting       | 3 |  3.3
Long Blades    | 4 |  4.3

Action                   |  1- 3 |  4- 6 || total
-------------------------+-------+-------++-------
Melee: Long sword        |    98 |    82 ||   180
       Tailslap          |     9 |     3 ||    12
Throw: Throwing net      |       |     2 ||     2
Invok: Sacrifice Resista |     1 |       ||     1
  Use: Potion            |       |     3 ||     3
 Stab: Sleeping          |     1 |       ||     1
Armor: Skin              |    37 |    14 ||    51
Dodge: Dodged            |    58 |    74 ||   132

Table legend: (Time is in decaauts)
 A = Elapsed time spent in this place.
 B = Non-inter-level travel time spent in this place.
 C = Inter-level travel time spent in this place.
 D = Time resting spent in this place.
 E = Time spent auto-exploring this place.
 F = Levels seen in this place.
 G = Mean time per level.
                   A        B        C        D        E       F      G
               +--------+--------+--------+--------+--------+-----+--------+
         Total |   2843 |   2754 |     89 |    801 |   1460 |   3 |  947.7 |
       Dungeon |   2843 |   2754 |     89 |    801 |   1460 |   3 |  947.7 |
               +--------+--------+--------+--------+--------+-----+--------+

Top non-repeatable levels by time:
     D:1: 1549 daAuts
     D:2: 861 daAuts
     D:3: 432 daAuts
